 Dungeon Crawl Stone Soup version 0.30.0-10-gfe55d96785 (webtiles) character file.

Game seed: 11676497530891714498

273 qw the Chopper (level 6, -11/37 HPs)
             Began as a Gargoyle Cinder Acolyte on May 16, 2023.
             Was an Elder of Ignis.
             Mangled by an ogre
             ... wielding a +0 giant spiked club
              (16 damage)
             ... on level 4 of the Dungeon.
             The game lasted 00:01:21 (2300 turns).

qw the Chopper (Gargoyle Cinder Acolyte)            Turns: 2300, Time: 00:01:22

Health: -11/37     AC: 29    Str: 20    XL:     6   Next: 23%
Magic:  7/7        EV:  8    Int: 14    God:    Ignis [****..]
Gold:   153        SH:  0    Dex:  5    Spells: 7/7 levels left

rFire   + . .        Y - -1 hand axe (flame)
rCold   . . .        (no shield)
rNeg    + . .        d - +0 chain mail
rPois   inf          n - +2 helmet {SInv}
rElec   +            (no cloak)
rCorr   .            f - +0 pair of gloves
SInv    +            l - +0 pair of boots
Will    .....        (no amulet) Stlth
                     c - +4 ring of protection
HPRegen 0.26/turn    (no ring)
MPRegen 0.10/turn

%: no passive effects
@: fiery-armoured
A: sickness immunity, AC +4, negative energy resistance 1, electricity
resistance, torment resistance 1, petrification resistance
a: Renounce Religion, Fiery Armour, Foxfire Swarm, Rising Flame


You were on level 4 of the Dungeon.
You worshipped Ignis.
Ignis was greatly pleased with you.
You visited 1 branch of the dungeon, and saw 4 of its levels.

You collected 153 gold pieces.


Innate Abilities, Weirdness & Mutations

You are immune to sickness and miasma.
Your stone body is resilient. (AC +4)
You are immune to poison.
You resist negative energy. (rN+)
You are resistant to electric shocks. (rElec)
You are resistant to unholy torment.
You are immune to petrification.


   Skills:
 + Level 3.3 Fighting
 - Level 5.5 Axes
 - Level 3.0 Armour
 - Level 1.0 Spellcasting
 - Level 3.0 Fire Magic


You had 7 spell levels left.
You didn't know any spells.
Your spell library contained the following spells:

 Spells                   Type           Power      Damage    Failure   Level
 Scorch                   Fire           18%        2d6       65%         2

Inventory:

Hand Weapons
 Y - a -1 hand axe of flaming (weapon)
Armour
 d - a +0 chain mail (worn)
 f - a +0 pair of gloves (worn)
 l - a +0 pair of boots (worn)
 n - a +2 helmet of see invisible (worn)
Jewellery
 c - a +4 ring of protection (left hand)
Scrolls
 k - a scroll of identify
Potions
 e - a potion of magic {unknown}
 g - a potion of curing
 h - a potion of degeneration {unknown}
 o - a potion of flight {unknown}

Dungeon Overview and Level Annotations

Branches:
Dungeon (4/15)
 Temple: D:4-7

Altars:
Nemelex Xobeh

Shops:
D:1 :*[

Annotations:
D:1 2 transporters


Message History

You hit the bullfrog. You burn the bullfrog.
The bullfrog is heavily wounded.
The bullfrog hits you but does no damage.
You barely miss the bullfrog.
The bullfrog is heavily wounded.
The bullfrog hits you but does no damage.
The bullfrog completely misses you.
You closely miss the bullfrog.
The bullfrog is heavily wounded.
The bullfrog hits you.
You hit the bullfrog. You burn the bullfrog.
The bullfrog is severely wounded.
The bullfrog hits you but does no damage. x2
You slash the bullfrog! You burn the bullfrog.
You kill the bullfrog!
Your Armour skill gained 2 levels and is now at level 3!
You have reached level 6!
You start resting.
HP restored.
An ogre comes into view. It is wielding a +0 giant spiked club.
You hit the ogre. You burn the ogre.
The ogre is lightly wounded.
The ogre hits you with a +0 giant spiked club.
You completely miss the ogre.
The ogre is lightly wounded.
The ogre barely misses you.
You hit the ogre. You burn the ogre.
The ogre is moderately wounded.
You hit the ogre. You burn the ogre.
The ogre is moderately wounded.
The ogre hits you with a +0 giant spiked club!
You barely miss the ogre.
The ogre is moderately wounded.
The ogre hits you with a +0 giant spiked club!
2299 ||| INVOKING Fiery Armour.
A protective cloak of flame settles atop you.
You barely miss the ogre.
The ogre is moderately wounded.
The ogre hits you with a +0 giant spiked club!
You die...

...#............#..#
#........##..##..###
#.#................#..
#......<#.............
#......##..[..>.......
#.........%..........
.....................
.###....7.7.7.7.7.7.7.
#..........@O......
#..................
#..........?.......
.....8~~~~~~~~~8...
....~~~~~~~~~~~...
...~~~~~~~~~~~...
..~~~~~~~~~~~...
.~~~~8~8~~~~...


You could see an ogre.

Vanquished Creatures
  2 bullfrogs
  A hound (D:3)
  Robin (D:3)
  2 adders
  2 worms
  2 dart slugs (D:3)
  4 orcs (D:3)
  5 bats
  4 endoplasms
  A giant cockroach (D:1)
  11 goblins
  12 hobgoblins
  3 jackals (D:2)
  2 quokkas (D:3)
  2 ball pythons
  2 frilled lizards
  4 kobolds
  6 rats
66 creatures vanquished.

Notes
Turn   | Place    | Note
-------+----------+-------------------------------------------
     0 | D:1      | qw the Gargoyle Cinder Acolyte began the quest for the Orb.
     0 | D:1      | Reached XP level 1. HP: 14/14 MP: 2/2
     0 | D:1      | 0 ||| qw: Version: 0.2-a-94-g6f95ed7
     0 | D:1      | 0 ||| qw: Game counter: 36
     0 | D:1      | 0 ||| qw: Always use a shield: true
     0 | D:1      | 0 ||| qw: God list: Okawaru
     0 | D:1      | 0 ||| qw: Allow faded altars: false
     0 | D:1      | 0 ||| qw: Do Orc after D:15 true
     0 | D:1      | 0 ||| qw: Do second Lair branch before Depths: true
     0 | D:1      | 0 ||| qw: Lair rune preference: random
     0 | D:1      | 0 ||| qw: Plans: Normal
     0 | D:1      | 0 ||| PLANNING D:1-11
    54 | D:1      | Found Enusani's Armour Shoppe.
    59 | D:1      | 59 ||| SHOPLISTING +0 chain mail (54 gold, have 0).
    59 | D:1      | 59 ||| SHOPLISTING +0 cloak (54 gold, have 0).
    59 | D:1      | 59 ||| SHOPLISTING +0 leather armour (24 gold, have 0).
    59 | D:1      | 59 ||| SHOPLISTING +0 pair of boots (54 gold, have 0).
    59 | D:1      | 59 ||| SHOPLISTING +0 ring mail (48 gold, have 0).
    59 | D:1      | 59 ||| SHOPLISTING +0 robe of the Gate {rPois rF++ Int-3}
                  | (277 gold, have 0).
    78 | D:1      | 78 ||| Stepping ~*~*~tactically~*~*~ (stealth).
   109 | D:1      | 109 ||| Stepping ~*~*~tactically~*~*~ (stealth).
   123 | D:1      | Found a transporter.
   127 | D:1      | Found Viriygg's General Store.
   151 | D:1      | Reached skill level 3 in Axes
   215 | D:1      | Reached XP level 2. HP: 14/19 MP: 3/3
   271 | D:1      | Found Fagiss's Book Boutique.
   379 | D:1      | 379 ||| Stepping ~*~*~tactically~*~*~ (stealth).
   662 | D:1      | 662 ||| Stepping ~*~*~tactically~*~*~ (stealth).
   663 | D:1      | 663 ||| Stepping ~*~*~tactically~*~*~ (stealth).
   664 | D:1      | 664 ||| Stepping ~*~*~tactically~*~*~ (stealth).
   714 | D:1      | Found a transporter.
   780 | D:1      | 780 ||| UPGRADING to +4 ring of protection.
   781 | D:1      | 781 ||| READING scroll labelled NUIDYS KAROOLU.
   784 | D:1      | 784 ||| READING scroll labelled GOELYU PELARI.
   807 | D:2      | 807 ||| Stepping ~*~*~tactically~*~*~ (stealth).
   824 | D:2      | Reached XP level 3. HP: 21/23 MP: 4/4
   963 | D:2      | 963 ||| Stepping ~*~*~tactically~*~*~ (stealth).
   979 | D:2      | Reached skill level 4 in Axes
  1062 | D:2      | 1062 ||| Stepping ~*~*~tactically~*~*~ (stealth).
  1064 | D:2      | 1064 ||| Stepping ~*~*~tactically~*~*~ (stealth).
  1090 | D:2      | Found a faded altar of an unknown god.
  1293 | D:2      | 1293 ||| UPGRADING to +0 leather armour.
  1303 | D:2      | 1303 ||| DROPPING +0 robe.
  1304 | D:2      | 1304 ||| DROPPING orb of light.
  1305 | D:2      | 1305 ||| DROPPING orb of light.
  1306 | D:2      | 1306 ||| UPGRADING to +0 pair of boots.
  1311 | D:2      | 1311 ||| READING scroll labelled DAICEPO LU CIRE.
  1312 | D:2      | 1312 ||| READING scroll labelled VIDEFI BUUZIHI.
  1313 | D:2      | 1313 ||| READING scroll labelled JIOTEIRCHUE.
  1314 | D:2      | 1314 ||| DRINKING 2 blue potions.
  1358 | D:3      | 1358 ||| INVOKING Fiery Armour.
  1561 | D:3      | 1561 ||| INVOKING Fiery Armour.
  1564 | D:3      | Reached XP level 4. HP: 23/28 MP: 5/5
  1576 | D:3      | 1576 ||| Stepping ~*~*~tactically~*~*~ (stealth).
  1608 | D:3      | Noticed Robin
  1623 | D:3      | Killed Robin
  1718 | D:3      | Noticed a bullfrog
  1732 | D:3      | 1732 ||| INVOKING Fiery Armour.
  1732 | D:3      | HP: 5/28 [bullfrog (5)]
  1733 | D:3      | 1733 ||| READING scroll of teleportation.
  1734 | D:3      | Killed a bullfrog
  1735 | D:3      | Reached skill level 5 in Axes
  1735 | D:3      | Reached XP level 5. HP: 6/32 MP: 6/6
  1894 | D:3      | Found a sparkling altar of Nemelex Xobeh.
  1904 | D:3      | 1904 ||| Stepping ~*~*~tactically~*~*~ (hiding).
  1906 | D:3      | 1906 ||| Stepping ~*~*~tactically~*~*~ (hiding).
  1937 | D:3      | Reached skill level 1 in Armour
  2118 | D:3      | 2118 ||| UPGRADING to +0 chain mail.
  2128 | D:3      | 2128 ||| DROPPING +0 leather armour.
  2129 | D:3      | 2129 ||| UPGRADING to +0 pair of gloves.
  2134 | D:3      | 2134 ||| UPGRADING to +0 helmet.
  2139 | D:3      | 2139 ||| UPGRADING to +2 helmet of see invisible.
  2149 | D:3      | 2149 ||| DROPPING +0 helmet.
  2150 | D:3      | 2150 ||| READING scroll labelled DUIQEB WAEL.
  2251 | D:3      | 2251 ||| READING 2 scrolls of identify.
  2251 | D:3      | 2251 ||| IDENTIFYING lumpy brown potion
  2252 | D:3      | 2252 ||| DROPPING potion of lignification.
  2283 | D:4      | Reached skill level 3 in Armour
  2283 | D:4      | Reached XP level 6. HP: 36/37 MP: 7/7
  2298 | D:4      | HP: 4/37 [ogre/+0 giant spiked club (17)]
  2299 | D:4      | 2299 ||| INVOKING Fiery Armour.
  2300 | D:4      | Mangled by an ogre

Levels and vault maps discovered:
D:1:      saegor_arrival_miasma, layout_loops_ring, serial_shops,
          nicolae_shop_drivethru, nicolae_shop_waterfront, shop
D:2:      layout_rooms, dreamdust_ecumenical_altar_grove,
          chequers_serial_rivers_small_a
D:3:      layout_basic, lemuel_crystal_altar, uniq_crazy_yiuf_cottage,
          uniq_robin
D:4:      layout_cave_pools, mainiacjoe_overflow_small_starburst, serial_park,
          serial_park_square3 [serial_park_minivault_5x5_3], serial_park_gazebo
          [serial_park_minivault_5x5_3], serial_park_fountain,
          serial_park_tiny_2, kennysheep_cross_bottleneck

Skill      XL: |  1  2  3  4  5 |
---------------+----------------+-----
Axes           | 3 4 5 |  5.5
Armour         | 3 |  3.0
Fighting       | |  3.3
Spellcasting   | |  1.0
Fire Magic     | |  3.0

Action                     |  1- 3 |  4- 6 || total
---------------------------+-------+-------++-------
  Melee: Hand axe          |   133 |    82 ||   215
         Punch             |       |     1 ||     1
 Invoke: Fiery Armour      |     2 |     2 ||     4
    Use: Scroll            |     5 |     3 ||     8
         Potion            |     1 |       ||     1
 Armour: Robe              |    35 |       ||    35
         Leather armour    |    13 |    35 ||    48
         Chain mail        |       |    15 ||    15
  Dodge: Dodged            |    80 |    55 ||   135

Table legend:
 A = Non-vault XP
 B = Vault XP
 C = Vault XP percentage of total XP
 D = Non-vault monster count
 E = Vault monster count
 F = Vault count percentage of total count
                 A         B        C        D         E       F
            +---------+---------+-------+---------+---------+-------
      Total |     350 |      40 |  10.3 |      53 |      13 |  19.7
            +---------+---------+-------+---------+---------+-------
        D:1 |      21 |       0 |   0.0 |      13 |       0 |   0.0
        D:2 |      41 |       0 |   0.0 |      15 |       0 |   0.0
        D:3 |     198 |      40 |  16.8 |      24 |      13 |  35.1
        D:4 |      90 |       0 |   0.0 |       1 |       0 |   0.0
            +---------+---------+-------+---------+---------+-------
